 Dungeon Crawl Stone Soup version 0.25-a0-578-gc91f01c (webtiles) character file.

Game seed: 7688785632817466989, levelgen mode: deterministic

781 robertstho the Covered (level 7, -2/63 HPs)
             Began as a Minotaur Fighter on Mar 5, 2020.
             Slain by an ogre
             ... wielding a +0 giant club
              (11 damage)
             ... on level 4 of the Dungeon.
             The game lasted 00:03:38 (2511 turns).

robertstho the Covered (Minotaur Fighter)           Turns: 2511, Time: 00:03:38

Health: -2/63      AC:  9    Str: 23    XL:     7   Next: 55%
Magic:  6/6        EV:  8    Int:  5    God:
Gold:   195        SH: 10    Dex:  9    Spells: 6/6 levels left

rFire    . . .     SeeInvis .   a - +0 war axe
rCold    . . .     Gourm    .   c - +0 kite shield
rNeg     . . .     Faith    .   b - +0 scale mail
rPois    .         Spirit   .   (helmet restricted)
rElec    .         Reflect  .   (no cloak)
rCorr    .         Harm     .   s - +0 pair of gloves
MR       .....                  (no boots)
Stlth    ..........             (no amulet)
HPRegen  0.20/turn              (no ring)
MPRegen  0.10/turn              (no ring)

@: mighty, lethally poisoned (-2 -> -3)
A: retaliatory headbutt, horns 2
a: no special abilities


You were on level 4 of the Dungeon.
You were not hungry.

You visited 1 branch of the dungeon, and saw 5 of its levels.
You also visited: Ossuary.

You collected 195 gold pieces.

Inventory:

Hand Weapons
 a - a +0 war axe (weapon)
 t - a +0 morningstar
Armour
 b - a +0 scale mail (worn)
 c - a +0 kite shield (worn)
 s - a +0 pair of gloves (worn)
Scrolls
 h - 2 scrolls of remove curse {unknown}
 i - 5 scrolls of identify {unknown}
 j - 2 scrolls of magic mapping {unknown}
 m - a scroll of fog {unknown}
 o - 4 scrolls of teleportation {unknown}
 p - a scroll of random uselessness {unknown}
Potions
 d - 3 potions of might
 e - 3 potions of cancellation {unknown}
 g - 4 potions of heal wounds {unknown}
 k - a potion of brilliance {unknown}
 l - 2 potions of degeneration {unknown}
 n - a potion of ambrosia {unknown}
 q - a potion of stabbing {unknown}
Comestibles
 f - 4 rations
 r - 10 chunks of flesh


   Skills:
 * Level 6.1 Fighting
 + Level 6.2 Axes
 * Level 6.4 Armour
 + Level 1.4 Dodging
 + Level 0.1 Stealth
 + Level 5.0 Shields


You had 6 spell levels left.
You didn't know any spells.
Your spell library was empty.

Dungeon Overview and Level Annotations

Branches:
Dungeon (5/15)            Ossuary (visited)
 Temple: D:4-7

Altars:
Okawaru
Ru


Innate Abilities, Weirdness & Mutations

You reflexively headbutt those who attack you in melee.
You have a pair of horns on your head.


Message History

The ogre is severely wounded.
The ogre hits you with a +0 giant club!
You are too injured to fight recklessly!
You are too injured to fight recklessly!
You are too injured to fight recklessly!
You are too injured to fight recklessly!
You are too injured to fight recklessly!
You are too injured to fight recklessly!
You are too injured to fight recklessly!
You are too injured to fight recklessly!
You are too injured to fight recklessly!
You are too injured to fight recklessly!
You are too injured to fight recklessly!
You feel very mighty all of a sudden.
You feel sick. The ogre hits you with a +0 giant club!
* * * LOW HITPOINT WARNING * * *
You barely miss the ogre.
The ogre is severely wounded.
The ogre hits you with a +0 giant club!
You die...

#.............#
#.#.###....##. #.#.#
#.'#######+ #...#
#.#...#...# ##..#
#.#.รท.#...# # #..#
..#.......#..
#..##..###._.###..
#######......#.......##.
#......@.##..#...#...#..
#.#####O.##..#...#..)#..
#..# +#######'.# ....
#..... ....# ##.#.#
##..$# #.##. ##..# #. ##
..# #. # #.


You could see an ogre.

Vanquished Creatures
  A phantom (D:4)
  2 elf skeletons (D:4)
  3 water moccasin zombies (Ossuary)
  A human zombie (D:4)
  A centaur skeleton (D:4)
  A bullfrog skeleton (D:4)
  A human skeleton (D:4)
  Natasha (D:3)
  2 worker ants (D:4)
  A big kobold zombie (Ossuary)
  2 mummies (Ossuary)
  2 adders
  A shadow imp (D:3)
  2 oozes
  8 adder zombies (Ossuary)
  An adder skeleton (D:4)
  A worm (D:4)
  A dart slug (D:1)
  5 leopard geckos
  4 orcs (D:3)
  2 ball pythons
  3 giant cockroaches
  3 gnoll zombies (Ossuary)
  9 goblins
  5 hobgoblins
  5 jackals (D:1)
  12 kobolds
  2 quokkas
  10 bats
  4 frilled lizards
  8 hobgoblin zombies (Ossuary)
  5 kobold zombies (Ossuary)
  An orc skeleton (D:4)
  5 orc zombies
  6 rats
  A plant (D:2)
122 creatures vanquished.

Notes
Turn   | Place    | Note
-------+----------+-------------------------------------------
     0 | D:1      | robertstho the Minotaur Fighter began the quest for the
                  | Orb.
     0 | D:1      | Reached XP level 1. HP: 19/19 MP: 0/0
    44 | D:1      | Reached XP level 2. HP: 20/27 MP: 1/1
    78 | D:1      | You fall into a shaft and drop 1 floor!
   196 | D:2      | Reached XP level 3. HP: 33/33 MP: 2/2
   869 | D:1      | Reached XP level 4. HP: 40/40 MP: 3/3
  1632 | D:3      | Noticed Natasha
  1639 | D:3      | Killed Natasha
  1679 | D:3      | You fall into a shaft and drop 2 floors!
  1679 | D:5      | Entered Level 5 of the Dungeon
  1694 | D:4      | Noticed a phantom
  1705 | D:4      | Killed a phantom
  1705 | D:4      | Reached skill level 5 in Armour
  1705 | D:4      | Reached skill level 1 in Dodging
  1705 | D:4      | Reached XP level 5. HP: 24/47 MP: 4/4
  1725 | D:4      | Found a sand-covered staircase.
  1735 | D:4      | Reached XP level 6. HP: 15/55 MP: 5/5
  1739 | Ossuary  | Entered an ossuary
  1976 | Ossuary  | Reached skill level 5 in Fighting
  2065 | Ossuary  | Reached skill level 5 in Axes
  2106 | Ossuary  | Reached XP level 7. HP: 25/61 MP: 6/6
  2398 | D:4      | Found an iron altar of Okawaru.
  2411 | D:4      | Reached skill level 5 in Shields
  2469 | D:4      | Found a sacrificial altar of Ru.
  2511 | D:4      | Slain by an ogre

Levels and vault maps discovered:
D:1:      eino_arrival_cavern_d, layout_loops_corners, minmay_heptomino_w4
D:2:      layout_rooms, serial_forest, infiniplex_forest_lined_room_,
          infiniplex_forest_side_room, infiniplex_forest_end_2,
          infiniplex_forest_clump_curved, infiniplex_forest_lined_room_3,
          infiniplex_forest_clump_medium, infiniplex_forest_diagonal
D:3:      layout_basic, hex_tiny, grunt_ministairs_8, tgw_fedhas, uniq_sigmund,
          uniq_natasha
D:4:      layout_loops_ring, overflow_temple_1_default,
          nicolae_ru_great_annihilating_truth, nicolae_ossuary_entry_catacombs
D:5:      layout_cave_pools, kiku_gazebo_garden_becter, old_standard_altar,
          first_ration

Skill      XL: |  1  2  3  4  5  6  7 |
---------------+----------------------+-----
Fighting       | 4 5 6 |  6.1
Armour         | 4 5 6 |  6.4
Shields        | 4 5 |  5.0
Axes           | 3 4 5 6 |  6.2
Dodging        | 1 |  1.4
Stealth        | |  0.1

Action                   |  1- 3 |  4- 6 |  7- 9 || total
-------------------------+-------+-------+-------++-------
Melee: War axe           |   105 |   171 |    56 ||   332
       Headbutt          |     8 |    41 |    19 ||    68
  Use: Potion            |       |       |     1 ||     1
 Stab: Invisible         |       |       |     1 ||     1
       Paralysed         |       |       |     1 ||     1
  Eat: Chunk             |       |     3 |       ||     3
       Ration            |       |       |     1 ||     1
Armor: Scale mail        |    55 |    50 |    15 ||   120
Dodge: Dodged            |    30 |    44 |    11 ||    85
Block: Kite shield       |    65 |    66 |    19 ||   150

Table legend:
 A = Non-vault XP
 B = Vault XP
 C = Vault XP percentage of total XP
 D = Non-vault monster count
 E = Vault monster count
 F = Vault count percentage of total count
                 A         B        C        D         E       F
            +---------+---------+-------+---------+---------+-------
      Total |     433 |     684 |  61.2 |      71 |      50 |  41.3
            +---------+---------+-------+---------+---------+-------
        D:1 |      53 |      13 |  19.7 |      29 |       5 |  14.7
        D:2 |      39 |       0 |   0.0 |      15 |       0 |   0.0
        D:3 |      45 |      37 |  45.1 |      15 |       1 |   6.2
        D:4 |     296 |     256 |  46.4 |      12 |      10 |  45.5
    Ossuary |       0 |     378 | 100.0 |       0 |      34 | 100.0
            +---------+---------+-------+---------+---------+-------
